 Dungeon Crawl Stone Soup version 0.25-a0-35-g747a2b3c0c (webtiles) character file.

Game seed: 14914753778923595050, levelgen mode: deterministic

24292 Mort the Grappler (level 13, -8/72 HPs)
             Began as a Vine Stalker Wanderer on Oct 18, 2019.
             Was a Priest of Ashenzari.
             Mangled by a tyrant leech (17 damage)
             ... on level 5 of the Lair of Beasts.
             The game lasted 01:03:25 (17584 turns).

Mort the Grappler (Vine Stalker Wanderer)          Turns: 17584, Time: 01:03:26

Health: -8/72      AC: 17    Str: 16    XL:     13   Next: 12%
Magic:  0/17       EV: 17    Int: 17    God:    Ashenzari [***...]
Gold:   1261       SH:  0    Dex: 13    Spells: 11/12 levels left

rFire    . . .     SeeInvis +     - Unarmed
rCold    + . .     Gourm    .   (no shield)
rNeg     . . .     Faith    .   P - +4 ring mail of Precision Catastrophes {rC+ rCorr}
rPois    +         Spirit   +   o - +0 helmet
rElec    .         Reflect  .   S - +0 cloak
rCorr    +         Harm     .   C - +0 pair of gloves
MR       +....                  K - +2 pair of boots (curse)
Stlth    +.........             (no amulet)
HPRegen  1.02/turn              s - +2 ring of evasion
MPRegen  0.15/turn              Q - ring of poison resistance

@: confusing touch
A: fangs 3, regeneration 2, magic shield, antimagic bite, no potion heal 3, rot
immunity
a: Curse Item, Scrying, Renounce Religion


You were on level 5 of the Lair of Beasts.
You worshipped Ashenzari.
Ashenzari was most pleased with you.
You were not hungry.

You visited 3 branches of the dungeon, and saw 16 of its levels.
You also visited: Sewer.

You collected 1261 gold pieces.

Inventory:

Hand Weapons
 a - a +1 dagger of venom
 b - a +0 hunting sling of flaming
Missiles
 l - 142 arrows
 p - 627 stones
 y - a curare-tipped dart (quivered)
 E - 16 poisoned darts
 V - 3 throwing nets
Armour
 o - a +0 helmet (worn)
 C - a +0 pair of gloves (worn)
 K - a cursed +2 pair of boots (worn)
 L - the cursed +0 plate armour of the Guardian {rCorr SInv}
   (You found it on level 4 of the Dungeon)

   It lets you see invisible.
   It provides partial protection from all sources of acid and corrosion.
   It has a curse placed upon it.
 P - the +4 ring mail of Precision Catastrophes (worn) {rC+ rCorr}
   (You took it off an orc warrior on level 7 of the Dungeon)

   It protects you from cold.
   It provides partial protection from all sources of acid and corrosion.
 S - a +0 cloak (worn)
Jewellery
 s - a +2 ring of evasion (left hand)
 J - an uncursed ring of protection from cold
 O - an uncursed ring of wizardry
 Q - a ring of poison resistance (right hand)
Wands
 e - a wand of enslavement (8)
 q - a wand of acid (5)
 G - a wand of digging (10)
 R - a wand of flame (16)
 U - a wand of polymorph (15)
Scrolls
 h - a scroll of blinking {unknown}
 i - 4 scrolls of teleportation
 j - 2 scrolls of enchant armour {unknown}
 m - 6 scrolls of fear {unknown}
 t - 2 scrolls of immolation {unknown}
 u - 4 scrolls of remove curse
 w - 3 scrolls of fog
 x - 4 scrolls of magic mapping {unknown}
 D - 6 scrolls of enchant weapon
 I - 4 scrolls of amnesia {unknown}
 W - a scroll of noise {unknown}
 Y - 4 scrolls of identify
Potions
 d - 10 potions of curing
 g - 5 potions of flight
 k - a potion of haste
 n - a potion of invisibility
 r - 4 potions of ambrosia
 v - 2 potions of degeneration {unknown}
 z - 3 potions of heal wounds {unknown}
 A - 2 potions of brilliance
 B - 4 potions of magic {unknown}
 F - a potion of lignification {unknown}
 H - a potion of resistance {unknown}
 M - a potion of cancellation {unknown}
 N - 6 potions of might
 X - 3 potions of mutation {unknown}
Miscellaneous
 c - a lightning rod (4/4)
 Z - a phial of floods
Comestibles
 f - 30 rations


   Skills:
 + Level 9.8 Fighting
   Level 1.7 Maces & Flails
   Level 1.7 Bows
 - Level 1.7 Throwing
 + Level 6.5 Armour
 - Level 9.0 Dodging
 + Level 12.3 Unarmed Combat
 - Level 4.1 Hexes
 - Level 4.3 Evocations


You had 11 spell levels left.
You knew the following spells:

 Your Spells              Type           Power        Failure   Level  Hunger
a - Confusing Touch       Hex            ##....       8%          1    ##.....

Your spell library contained the following spells:

 Spells                   Type           Power        Failure   Level  Hunger
 Animate Skeleton         Necr           N/A          38%         1    ##.....
 Apportation              Tloc           #.....       38%         1    ##.....
 Flame Tongue             Conj/Fire      #....        38%         1    ##.....
 Infusion                 Chrm           #...         38%         1    ##.....
 Summon Small Mammal      Summ           #...         38%         1    ##.....
 Inner Flame              Hex/Fire       #.......     47%         3    ####...
 Spectral Weapon          Hex/Chrm       #.......     47%         3    ####...
 Shroud of Golubria       Chrm/Tloc      #.....       52%         2    ###....
 Song of Slaying          Chrm           #.......     52%         2    ###....
 Throw Flame              Conj/Fire      #.....       52%         2    ###....
 Conjure Flame            Conj/Fire      #.......     77%         3    ####...
 Regeneration             Chrm/Necr      #.........   77%         3    ####...
 Sticky Flame             Conj/Fire      #.......     99%         4    #####..
 Fireball                 Conj/Fire      #.........   100%        5    ######.


Dungeon Overview and Level Annotations

Branches:
Dungeon (10/15)            Temple (1/1) D:4            Lair (5/6) D:10
 Shoals (0/4) Lair:4        Snake (0/4) Lair:3          Orc (0/2) D:10
  Sewer (visited)
  Slime: Lair:5-6

Altars:
Ashenzari
Cheibriados
Dithmenos
Elyvilon
Fedhas
Gozag
Hepliaklqana
Kikubaaqudgha
Makhleb
Nemelex Xobeh
Okawaru
Qazlal
Ru
Sif Muna
Trog
Uskayaw
Vehumet
Wu Jian
Xom
Yredelemnul
Zin
The Shining One
Beogh

Shops:
D:6 [   D:7 =

Annotations:
D:7 1 runed translucent door, PatienceIsAVirtue's ghost, novice DrFi
D:8 1 runed translucent door, Chiseanne's ghost, novice DsWz
Lair:1 3 runed translucent doors, Awkuen's ghost, journeyman HOFi
Lair:4 1 runed translucent door, Mandevil's ghost, journeyman OpAK
Lair:5 2 runed translucent doors, Pydit's ghost, journeyman MiBe


Innate Abilities, Weirdness & Mutations

You have razor-sharp teeth.
You heal very quickly.
When hurt, damage is shared between your health and your magic reserves.
Your bite disrupts and absorbs the magic of your enemies.
Potions cannot restore your health.
You are immune to rotting.


Message History

You hit the tyrant leech.
The tyrant leech is moderately wounded.
The tyrant leech bites you.
* * * LOW HITPOINT WARNING * * *
The tyrant leech draws strength from your injuries!
Unknown command.
Casting: Confusing Touch (safe; 8% risk of failure)
Confirm with . or Enter, or press ? or * to list all spells.
Your hands begin to glow red.
You barely miss the tyrant leech. Your bite misses the tyrant leech.
The tyrant leech is lightly wounded.
The tyrant leech bites you!
* * * LOW HITPOINT WARNING * * *
The tyrant leech draws strength from your injuries!
Unknown command.
You hit the tyrant leech but do no damage.
Your punch misses the tyrant leech. Your bite misses the tyrant leech.
The tyrant leech is lightly wounded.
The tyrant leech bites you!!
You die...

##......P# ###PPP , *
######........# .#....
#.............## ,* ......
...P....>......# #...... ,
, ...P...........# *
....... * ..###........###
....... , ..#..##.....##
###.......
P...........P####w........
*
..........#...P.@#.......P
*
.........#.#..............
.#..#######...............
....# ##.....#######.P*
##### #....#.# * *#* .#
#...#### ## ##... # ##.##
# #..


You could see a tyrant leech.

Vanquished Creatures
  5 hydras
  A two-headed ogre (D:8)
  An unseen horror (D:8)
  2 ugly things
  A cyclops (D:9)
  2 black mambas (Lair:5)
  8 elephants
  4 komodo dragons
  4 spiny frogs
  A rime drake (Lair:3)
  3 trolls (D:9)
  A tyrant leech (Lair:5)
  9 blink frogs
  4 hippogriffs
  13 yaks
  A wraith (D:9)
  2 basilisks
  A vampire mosquito (D:9)
  A steam dragon (D:10)
  A naga (Lair:3)
  A swamp worm (Lair:5)
  8 water moccasins
  5 porcupines
  2 ice beasts
  8 orc warriors
  A sky beast (D:8)
  2 black bears (D:10)
  4 wolves
  7 ogres
  A centaur (D:6)
  9 crocodiles
  A gnoll sergeant (D:6)
  12 bullfrogs
  3 scorpions
  A wyvern skeleton (D:6)
  3 killer bees (D:7)
  5 howler monkeys
  7 crimson imps
  2 bullfrog zombies
  3 centaur skeletons
  2 jellies
  3 hounds
  11 orc priests
  5 orc wizards
  3 bullfrog skeletons
  2 iguanas (D:7)
  Jessica (D:2)
  7 worker ants
  A hound zombie (D:5)
  9 gnolls
  7 adders
  5 river rats (Sewer)
  2 shadow imps
  4 oozes
  An adder zombie (D:9)
  An adder skeleton (D:8)
  7 worms
  A dart slug (D:2)
  An adder simulacrum (D:9)
  4 leopard geckos
  60 orcs
  9 giant cockroaches
  8 goblins
  15 hobgoblins
  3 jackals
  14 kobolds
  3 quokkas
  5 ball pythons (Sewer)
  6 bats
  16 frilled lizards
  2 jackal skeletons
  A leopard gecko zombie (D:5)
  2 quokka skeletons
  2 quokka zombies
  17 rats
  A fungus (Lair:2)
391 creatures vanquished.

Vanquished Creatures (others)
  An elephant (Lair:3)
  A troll (D:9)
  5 fungi
  4 plants (Lair:5)
11 creatures vanquished.

Grand Total: 402 creatures vanquished

Notes
Turn   | Place    | Note
-------+----------+-------------------------------------------
     0 | D:1      | Mort the Vine Stalker Wanderer began the quest for the Orb.
     0 | D:1      | Mort set off with the following items: a +2 dagger, 3
                  | curare-tipped darts, a +0 ring mail, a potion of curing, a
                  | ration
     0 | D:1      | Reached XP level 1. HP: 11/11 MP: 2/2
   290 | D:1      | Reached XP level 2. HP: 15/16 MP: 3/3
   724 | D:1      | Reached XP level 3. HP: 19/20 MP: 4/4
  2026 | D:2      | Gained mutation: Your natural rate of healing is unusually
                  | fast. [Vine Stalker growth]
  2026 | D:2      | Reached XP level 4. HP: 25/25 MP: 5/5
  2232 | D:2      | Found a snail-covered altar of Cheibriados.
  2287 | D:2      | Noticed Jessica
  2296 | D:2      | Killed Jessica
  2732 | D:2      | Reached XP level 5. HP: 30/30 MP: 6/6
  2806 | D:3      | Found a glowing drain.
  2829 | Sewer    | Entered a sewer
  2957 | Sewer    | Reached skill level 5 in Fighting
  3014 | Sewer    | Reached skill level 1 in Unarmed Combat
  3319 | D:3      | Reached skill level 2 in Unarmed Combat
  3319 | D:3      | Noticed an orc warrior
  3338 | D:3      | Killed an orc warrior
  3338 | D:3      | Reached skill level 3 in Unarmed Combat
  3338 | D:3      | Reached XP level 6. HP: 35/35 MP: 7/7
  3999 | D:4      | Reached skill level 4 in Unarmed Combat
  4031 | D:4      | Found a shimmering blue altar of Sif Muna.
  4175 | D:4      | Reached skill level 5 in Unarmed Combat
  4175 | D:4      | Reached XP level 7. HP: 31/39 MP: 5/8
  4390 | D:4      | Found a staircase to the Ecumenical Temple.
  4449 | D:4      | Got a pitted plate armour
  4457 | Temple   | Entered the Ecumenical Temple
  4526 | Temple   | Became a worshipper of Ashenzari the Shackled
  5041 | D:4      | Reached skill level 6 in Unarmed Combat
  5228 | D:5      | Entered Level 5 of the Dungeon
  5403 | D:5      | Found a burning altar of Makhleb.
  5467 | D:5      | Gained mutation: You have razor-sharp teeth. [Vine Stalker
                  | growth]
  5467 | D:5      | Reached XP level 8. HP: 43/43 MP: 9/9
  5515 | D:5      | Reached skill level 7 in Unarmed Combat
  5941 | D:5      | Found a hide-covered altar of Uskayaw.
  6009 | D:5      | Reached skill level 8 in Unarmed Combat
  6568 | D:6      | Reached skill level 9 in Unarmed Combat
  6708 | D:6      | Found Zer Iqua's Armour Boutique.
  6715 | D:6      | Found an opulent altar of Gozag.
  6818 | D:6      | Reached XP level 9. HP: 41/47 MP: 7/10
  6880 | D:6      | Found a glowing silver altar of Zin.
  6893 | D:7      | Reached * piety under Ashenzari
  6971 | D:7      | Found Dofal's Jewellery Boutique.
  6983 | D:7      | Found a runed translucent door.
  7017 | D:6      | Reached skill level 10 in Unarmed Combat
  7080 | D:7      | Reached skill level 1 in Dodging
  7151 | D:7      | Noticed PatienceIsAVirtue's ghost (novice DrFi)
  7581 | D:6      | HP: 2/47 [poisoned by an orc warrior]
  7880 | D:7      | Found a hazy altar of Hepliaklqana.
  8339 | D:8      | Noticed a two-headed ogre
  8344 | D:8      | Noticed a cyan ugly thing
  8362 | D:8      | Killed a two-headed ogre
  8391 | D:7      | Killed a cyan ugly thing
  8391 | D:7      | Reached XP level 10. HP: 10/51 MP: 2/11
  8654 | D:8      | Paralysed by a hornet for 3 turns
  8820 | D:8      | Killed an unseen horror
  8914 | D:8      | Identified the +4 ring mail of Precision Catastrophes {rC+
                  | rCorr}
  9256 | D:8      | Found a runed translucent door.
  9256 | D:8      | Noticed a +0 long sword of chaos
  9257 | D:8      | Found a shimmering altar of Xom.
  9257 | D:8      | Noticed Chiseanne's ghost (novice DsWz)
  9501 | D:8      | Found a roughly hewn altar of Beogh.
  9589 | D:9      | Noticed a cyan ugly thing
  9927 | D:9      | Noticed a cyclops
  9982 | D:9      | HP: 1/51 [cyclops/large rock (27)]
 10079 | D:9      | Killed a cyclops
 10164 | D:9      | Reached skill level 1 in Evocations
 10527 | D:9      | Killed a cyan ugly thing
 10527 | D:9      | Reached XP level 11. HP: 56/56 MP: 12/14
 10660 | D:9      | Found a bloodstained altar of Trog.
 11066 | D:10     | Entered Level 10 of the Dungeon
 11229 | D:10     | Found a staircase to the Orcish Mines.
 11757 | D:10     | Found a staircase to the Lair.
 11795 | Lair:1   | Entered Level 1 of the Lair of Beasts
 11838 | Lair:1   | Reached ** piety under Ashenzari
 11849 | Lair:1   | Found a runed translucent gate.
 11853 | Lair:1   | Found a runed translucent gate.
 11853 | Lair:1   | Found a runed translucent gate.
 11933 | Lair:1   | Learned a level 1 spell: Confusing Touch
 11963 | Lair:1   | Reached skill level 1 in Hexes
 12827 | Lair:1   | Noticed Awkuen's ghost (journeyman HOFi)
 12828 | Lair:1   | Identified the ring of Miracles {Fire rPois Dex+3}
 14007 | Lair:2   | Gained mutation: You heal very quickly. [Vine Stalker
                  | growth]
 14007 | Lair:2   | Reached XP level 12. HP: 64/64 MP: 16/16
 14362 | Lair:3   | Reached skill level 11 in Unarmed Combat
 14986 | Lair:3   | Identified a scroll of acquirement
 14986 | Lair:3   | Identified the cursed +0 pair of boots of Recklessness {rF+
                  | Str-4 Int+4} (You acquired it on level 3 of the Lair of
                  | Beasts)
 15003 | Lair:3   | Noticed an eight-headed hydra
 15070 | Lair:2   | Killed an eight-headed hydra
 15209 | Lair:3   | Found a staircase to the Snake Pit.
 15285 | Lair:3   | Reached skill level 5 in Armour
 15396 | Lair:3   | Reached *** piety under Ashenzari
 15818 | Lair:4   | Noticed a six-headed hydra
 15830 | Lair:4   | Killed a six-headed hydra
 15921 | Lair:4   | Found a runed translucent door.
 15921 | Lair:4   | Found a shimmering altar of Xom.
 15921 | Lair:4   | Noticed Mandevil's ghost (journeyman OpAK)
 16208 | Lair:4   | Noticed a six-headed hydra
 16214 | Lair:4   | Found a staircase to the Shoals.
 16468 | Lair:4   | Killed a six-headed hydra
 16468 | Lair:4   | Reached skill level 12 in Unarmed Combat
 16862 | Lair:5   | Found a large runed translucent door.
 16862 | Lair:5   | Found a large runed translucent door.
 16865 | Lair:5   | Noticed a six-headed hydra
 16884 | Lair:5   | Killed a six-headed hydra
 16884 | Lair:5   | Reached XP level 13. HP: 52/70 MP: 17/17
 17010 | Lair:5   | Noticed Pydit's ghost (journeyman MiBe)
 17584 | Lair:5   | Mangled by a tyrant leech

Levels and vault maps discovered:
D:1:      lemuel_arrival_hallway, layout_basic
D:2:      cheibrodos_old_hovel, layout_basic, kennysheep_slug_shrine,
          uniq_jessica
D:3:      layout_rooms, portal_sewer_entry_d
D:4:      minmay_polygon_palace, layout_basic, old_standard_altar,
          temple_pool_b, first_ration
D:5:      layout_loops_corners, eat_drink_and_be_merry_uskayaw,
          minmay_misc_feat_ornament, lemuel_tele_altar
D:6:      layout_rooms, lemuel_doored_altar, basic_altar, serial_shops, shop
D:7:      layout_rooms, kennysheep_little_box, ebering_ghost_reflecting_pool,
          serial_shops, shop_fountains
D:8:      layout_rooms, ebering_ghost_xom, special_room [special_room_orc]
D:9:      minmay_the_grid_octo_2x2 [minmay_the_grid_octo_pinwheel,
          minmay_the_grid_octo_odd_swirl, minmay_the_grid_octo_clover_2,
          minmay_the_grid_octo_prize_star], layout_gridville,
          overflow_temple_1_default, bh_walls_and_bars
D:10:     layout_loops_ring, grunt_lair_entry_orc_guard_hut, david_orc_2
Temple:   nicolae_temple_x_marks_the_god
Lair:1:   layout_regular_city, gammafunk_ghost_icy,
          eino_small_chamber_without_monster, grunt_megastairs_5
Lair:2:   layout_gridlike, grunt_megastairs_4
Lair:3:   layout_gridlike, guppyfry_snake_entry_island
Lair:4:   layout_small_grid, shoals_dummy_entry, ebering_ghost_xom,
          columned_hall_lemuel
Lair:5:   layout_cave_pods, minmay_slime_entry_oklob_enclosed,
          ebering_ghost_disaster_area, worms_lemuel

Skill      XL: |  1  2  3  4  5  6  7  8  9 10 11 12 |
---------------+-------------------------------------+-----
Fighting       | 2 3 4 5 6 7 9 |  9.8
Unarmed Combat | 3 5 6 9 10 12 | 12.3
Dodging        | 7 9 |  9.0
Evocations     | 2 4 |  4.3
Hexes          | 4 |  4.1
Armour         | 3 6 |  6.5
Maces & Flails | |  1.7
Bows           | |  1.7
Throwing       | |  1.7

Action                   |  1- 3 |  4- 6 |  7- 9 | 10-12 | 13-15 || total
-------------------------+-------+-------+-------+-------+-------++-------
Melee: Dagger            |   136 |   231 |   127 |       |       ||   494
       Bite              |    35 |    66 |   121 |   302 |    22 ||   546
       Punch             |       |       |    19 |    52 |     5 ||    76
       Unarmed           |       |       |   303 |   958 |    84 ||  1345
 Fire: Hunting sling     |       |    13 |       |       |       ||    13
Throw: Dart              |     1 |     8 |    11 |     2 |       ||    22
 Cast: Confusing Touch   |       |       |       |    39 |     5 ||    44
Invok: Curse Item        |       |       |     1 |       |       ||     1
Evoke: Wand              |       |       |    13 |    22 |       ||    35
       Phial of floods   |       |       |       |     1 |       ||     1
  Use: Scroll            |       |       |     3 |     8 |     1 ||    12
       Potion            |       |       |     2 |       |       ||     2
 Stab: Confused          |       |       |       |    23 |     6 ||    29
  Eat: Chunk             |     3 |     8 |    14 |    27 |     2 ||    54
       Ration            |       |       |       |     1 |       ||     1
Armor: Ring mail         |    39 |    66 |   125 |   288 |    26 ||   544
Dodge: Dodged            |    66 |   122 |   220 |   633 |    46 ||  1087

Table legend:
 A = Non-vault XP
 B = Vault XP
 C = Vault XP percentage of total XP
 D = Non-vault monster count
 E = Vault monster count
 F = Vault count percentage of total count
                 A         B        C        D         E       F
            +---------+---------+-------+---------+---------+-------
      Total |   29068 |    5635 |  16.2 |     303 |      88 |  22.5
            +---------+---------+-------+---------+---------+-------
        D:1 |      47 |       0 |   0.0 |      26 |       0 |   0.0
        D:2 |      75 |      43 |  36.4 |      28 |       3 |   9.7
        D:3 |     239 |      13 |   5.2 |      31 |       1 |   3.1
        D:4 |     324 |     268 |  45.3 |      19 |      11 |  36.7
        D:5 |     669 |       0 |   0.0 |      29 |       0 |   0.0
        D:6 |     900 |       0 |   0.0 |      25 |       0 |   0.0
        D:7 |    1643 |       0 |   0.0 |      23 |       0 |   0.0
        D:8 |    2320 |     201 |   8.0 |      24 |      16 |  40.0
        D:9 |     514 |    2484 |  82.9 |       6 |      19 |  76.0
       D:10 |     621 |     584 |  48.5 |      10 |      10 |  50.0
     Lair:1 |    2542 |     786 |  23.6 |      13 |       2 |  13.3
     Lair:2 |    5823 |     588 |   9.2 |      24 |       2 |   7.7
     Lair:3 |    5959 |     163 |   2.7 |      26 |       1 |   3.7
     Lair:4 |    4128 |       0 |   0.0 |      13 |       0 |   0.0
     Lair:5 |    3264 |     422 |  11.4 |       6 |       2 |  25.0
      Sewer |       0 |      83 | 100.0 |       0 |      21 | 100.0
            +---------+---------+-------+---------+---------+-------
